 Dungeon Crawl Stone Soup version 0.29.0-15-g675c0067aa (webtiles) character file.

Game seed: 11647820168267298837

46 sentinel the Digger (level 4, 0/33 HPs)
             Began as a Meteoran Earth Elementalist on Sept 11, 2022.
             Slain by Ijyb
             ... wielding a +1 dagger of flaming
              (7 damage)
             ... on level 3 of the Dungeon.
             The game lasted 00:01:38 (227 turns).

sentinel the Digger (Meteoran Earth Elementalist)    Turns: 227, Time: 00:01:39

Health: 0/33       AC:  2    Str:  9    XL:     4   Next: 15%
Magic:  6/9        EV: 12    Int: 18    God:
Gold:   0          SH:  0    Dex: 15    Spells: 2/8 levels left

rFire   . . .      SeeInvis .   (no weapon)
rCold   . . .      Faith    .   (no shield)
rNeg    . . .      Spirit   .   a - +0 robe
rPois   .          Reflect  .   (no helmet)
rElec   .          Harm     .   (no cloak)
rCorr   .          Rampage  .   (no gloves)
Will    .....                   (no boots)
Stlth   +.........              (no amulet)
HPRegen 0.11/turn               (no ring)
MPRegen 0.11/turn               (no ring)

@: glowing
A: sense surroundings 1, otherworldly, glowing, explore regen
a: no special abilities


You were on level 3 of the Dungeon.
You visited 1 branch of the dungeon, and saw 3 of its levels.

Inventory:

Armour
 a - a +0 robe (worn)
Scrolls
 c - a scroll of enchant armour {unknown}
 e - a scroll of immolation {unknown}
Potions
 b - a potion of magic
 d - a potion of curing {unknown}


   Skills:
 - Level 2.4 Dodging
 - Level 1.4 Stealth
 + Level 2.8 Spellcasting
 * Level 0.6 Conjurations
 - Level 1.2 Transmutations
 + Level 5.3 Earth Magic


You had 2 spell levels left.
You knew the following spells:

 Your Spells              Type           Power      Damage    Failure   Level
a - Sandblast             Erth           42%        2d11      1%          1
b - Stone Arrow           Conj/Erth      26%        3d8       14%         3
c - Passwall              Tmut/Erth      11%        N/A       6%          2

Your spell library contained the following spells:

 Spells                   Type           Power      Damage    Failure   Level
 Ensorcelled Hibernation  Hex/Ice        4%         N/A       26%         2
 Petrify                  Tmut/Erth      14%        N/A       38%         4
 Swiftness                Air            2%         N/A       45%         3


Dungeon Overview and Level Annotations

Branches:
Dungeon (3/15) Zot: 1556

Altars:

Annotations:
D:3 Ijyb


Innate Abilities, Weirdness & Mutations

You passively map a small area around you.
You are easily found by Zot.
You glow in the dark.
You regain HP and MP as you explore.


Message History

Confirm with . or Enter, or press ? or * to list all spells.
Aiming: Sandblast (safe; 3% risk of failure)
Press: ? - help, Shift-Dir - straight line, f/p - Natasha
Aim: Natasha (moderately wounded, 77% to hit)
The blast of sand hits Natasha!
You kill Natasha!
Natasha yowls pathetically as she dies!
The crimson imp disappears in a puff of smoke! x2
The bat closely misses you.
Your Earth Magic skill increases to level 5!
You have reached level 3!
Your experience leads to an increase in your attributes!
Increase (s)trength, (i)ntelligence, or (d)exterity?
You feel clever. x2; You feel agile.
HP warning!
Casting: Sandblast (safe; 1% risk of failure)
Confirm with . or Enter, or press ? or * to list all spells.
Aiming: Sandblast (safe; 1% risk of failure)
Press: ? - help, Shift-Dir - straight line, f - bat
Aim: a bat (74% to hit)
The blast of sand misses the bat.
The bat completely misses you. The bat hits you but does no damage.
The bat closely misses you.
HP warning!
Casting: Sandblast (safe; 1% risk of failure)
Confirm with . or Enter, or press ? or * to list all spells.
You don't have enough magic to cast this spell.
You miss the bat. The bat closely misses you. The bat hits you.
* * * LOW HITPOINT WARNING * * *
The bat hits you but does no damage.
HP warning!
The bat misses you.
HP warning!
Casting: Sandblast (safe; 1% risk of failure)
Confirm with . or Enter, or press ? or * to list all spells.
Aiming: Sandblast (safe; 1% risk of failure)
Press: ? - help, Shift-Dir - straight line, f/p - bat
Aim: a bat (74% to hit)
The blast of sand hits the bat!
You kill the bat!
HP warning!
Memorise Passwall, consuming 2 spell levels and leaving 4?
You start memorising the spell.
You continue memorising. x2
You finish memorising.
Spell assigned to 'c'.
This spell is quite dangerous to cast!
Memorise Stone Arrow, consuming 3 spell levels and leaving 1?
You start memorising the spell.
You continue memorising. x3
You finish memorising.
Spell assigned to 'b'.
Okay, then.
HP warning!
HP warning!
An endoplasm comes into view.
A dart slug comes into view.
Found a scroll labelled NAYTRO SUDWE.
c - a scroll labelled NAYTRO SUDWE The blast of sand hits the dart slug!!
You kill the dart slug!
You can't see any susceptible monsters within range! (Use Z to cast anyway.)
A bat comes into view.
A bat is nearby!
Found a book of Burglary.
The blast of sand hits the bat.
You kill the bat!
You have reached level 4!
An endoplasm is nearby!
An endoplasm is nearby!
An endoplasm is nearby!
An endoplasm is nearby!
Found an escape hatch in the ceiling.
Found a stone staircase leading down.
You pick up a book of Burglary and begin reading...
You add the spells Ensorcelled Hibernation and Swiftness to your library.
A quokka comes into view.
The blast of sand hits the quokka!
You kill the quokka!
You can't see any susceptible monsters within range! (Use Z to cast anyway.)
Found a robe.
A quokka comes into view.
The blast of sand hits the quokka!
You kill the quokka!
You can't see any susceptible monsters within range! (Use Z to cast anyway.)
There is a stone staircase leading down here.
You climb downwards.
Found a brown potion.
There is a stone staircase leading up here.
The blast of sand hits the orc!
You kill the orc!
The kobold shouts!
You can't see any susceptible monsters within range! (Use Z to cast anyway.)
The kobold throws a stone.
The stone hits you.
You can't see any susceptible monsters within range! (Use Z to cast anyway.)
You can't see any susceptible monsters within range! (Use Z to cast anyway.)
Found a hand axe.
The blast of sand hits the kobold!
You kill the kobold!
You can't see any susceptible monsters within range! (Use Z to cast anyway.)
Found a scroll labelled GOCEAMAYFIS.
A ball python comes into view.
The ball python hisses angrily.
The blast of sand hits the ball python!
You kill the ball python!
You can't see any susceptible monsters within range! (Use Z to cast anyway.)
You can't see any susceptible monsters within range! (Use Z to cast anyway.)
d - a brown potion
Found 13 gold pieces.
Ijyb and a bat come into view.
Ijyb is wielding a +1 dagger of flaming and carrying a wand of iceblast (4).
Found a brown potion.
Ijyb shouts!
You see here a scroll labelled GOCEAMAYFIS.
Unknown command.
e - a scroll labelled GOCEAMAYFIS The bat hits you but does no damage.
Found a stone staircase leading up.
The bat closely misses you.
Ijyb zaps a wand.
The mass of ice explodes!
The iceblast engulfs you!
Ouch! That really hurt!
The iceblast engulfs the bat!
The bat dies!
You hear an angry hiss.
You hear a shout!
Ijyb screams, "Me stronger than you!" Ijyb completely misses you.
The blast of sand hits Ijyb but does no damage.
Ijyb hits you with a +1 dagger of flaming.
Ijyb burns you. Ijyb barely misses you.
Casting: Sandblast (safe; 1% risk of failure)
Confirm with . or Enter, or press ? or * to list all spells.
Aiming: Sandblast (safe; 1% risk of failure)
Press: ? - help, Shift-Dir - straight line, f/p - Ijyb
Aim: Ijyb, wielding a +1 dagger of flaming, wearing a +0 ring mail and carrying a wand of iceblast (3) (81% to hit)
The blast of sand hits Ijyb but does no damage.
Ijyb drinks a potion.
Ijyb goes berserk!
Casting: Sandblast (safe; 1% risk of failure)
Confirm with . or Enter, or press ? or * to list all spells.
Aiming: Sandblast (safe; 1% risk of failure)
Press: ? - help, Shift-Dir - straight line, f/p - Ijyb
Aim: Ijyb, wielding a +1 dagger of flaming, wearing a +0 ring mail and carrying a wand of iceblast (3) (berserk, 81% to hit)
The blast of sand hits Ijyb but does no damage.
Ijyb hits you with a +1 dagger of flaming.
* * * LOW HITPOINT WARNING * * *
Ijyb burns you.
* * * LOW HITPOINT WARNING * * *
Ijyb misses you.
Casting: Sandblast (safe; 1% risk of failure)
Confirm with . or Enter, or press ? or * to list all spells.
Aiming: Sandblast (safe; 1% risk of failure)
Press: ? - help, Shift-Dir - straight line, f/p - Ijyb
Aim: Ijyb, wielding a +1 dagger of flaming, wearing a +0 ring mail and carrying a wand of iceblast (3) (berserk, 81% to hit)
The blast of sand hits Ijyb!
Ijyb is moderately wounded.
Ijyb barely misses you.
Ijyb hits you with a +1 dagger of flaming!
You die...

.... .. ###..<. , , ....
#*.....#* *#...*##.
..... ,, * #...##..
...., ..., #!.....# ..#
....#####......##g.# *
................@..#
...##..###.#.....#..#
.......).##.#.....# ##
...##.............#.###
)....................$.
* #..##......†..........
###.###.###..#.........
.......<...............,
...#.#......#.####.....


You could see Ijyb (berserk).

Vanquished Creatures
  Natasha (D:2)
  2 dart slugs
  An orc (D:3)
  2 jackals (D:1)
  3 quokkas
  2 ball pythons
  3 bats
  2 frilled lizards
  2 kobolds
18 creatures vanquished.

Vanquished Creatures (others)
  A bat (D:3)
1 creature vanquished.

Grand Total: 19 creatures vanquished

Notes
Turn   | Place    | Note
-------+----------+-------------------------------------------
     0 | D:1      | sentinel the Meteoran Earth Elementalist began the quest
                  | for the Orb.
     0 | D:1      | Reached XP level 1. HP: 14/14 MP: 5/5
     9 | D:1      | Found a faded altar of an unknown god.
    16 | D:1      | Reached skill level 4 in Earth Magic
    16 | D:1      | Reached XP level 2. HP: 20/20 MP: 2/6
   111 | D:2      | Noticed Natasha
   114 | D:2      | Noticed a crimson imp
   116 | D:2      | Noticed a crimson imp
   117 | D:2      | HP: 1/20 [white imp/puff of frost[Natasha] (8)]
   119 | D:2      | Killed Natasha
   120 | D:2      | Reached skill level 5 in Earth Magic
   120 | D:2      | Reached XP level 3. HP: 2/26 MP: 1/8
   127 | D:2      | Learned a level 2 spell: Passwall
   131 | D:2      | Learned a level 3 spell: Stone Arrow
   173 | D:2      | Reached XP level 4. HP: 22/33 MP: 5/9
   219 | D:3      | Noticed Ijyb
   227 | D:3      | Slain by Ijyb

Illustrated notes

Levels and vault maps discovered:
D:1:      psy_arrival_basics, layout_basic, ebering_ecumenical_altar_webs,
          minmay_bisected
D:2:      layout_basic, basic_altar, grunt_decor_resistance, uniq_natasha
D:3:      layout_rooms, uniq_jessica, uniq_ijyb

Skill      XL: |  1  2 |
---------------+-------+-----
Earth Magic    | 4 5 |  5.3
Dodging        | |  2.4
Stealth        | |  1.4
Spellcasting   | |  2.8
Conjurations   | |  0.6
Transmutations | |  1.2

Action                   |  1- 3 |  4- 6 || total
-------------------------+-------+-------++-------
Melee: Unarmed           |     1 |       ||     1
 Cast: Sandblast         |    23 |     9 ||    32
Armor: Robe              |    38 |     1 ||    39
Dodge: Dodged            |    54 |     5 ||    59
